 Dungeon Crawl Stone Soup version 0.28.0-45-g0d030f2227 (webtiles) character file.

Game seed: 2574238467758532922

2063 MalarOregon the Skirmisher (level 9, -6/73 HPs)
             Began as a Palentonga Fighter on Apr 22, 2022.
             Was a Priest of Nemelex Xobeh.
             Killed from afar by a steam dragon (19 damage)
             ... with a ball of steam
             ... on level 6 of the Dungeon.
             The game lasted 00:11:40 (8479 turns).

MalarOregon the Skirmisher (Palentonga Fighter)     Turns: 8479, Time: 00:11:40

Health: -6/73      AC: 15    Str: 20    XL:     9   Next: 5%
Magic:  13/13      EV:  8    Int: 12    God:    Nemelex Xobeh [***...]
Gold:   199        SH:  4    Dex: 10    Spells: 14/14 levels left

rFire   . . .      SeeInvis +   a - +0 flail
rCold   . . .      Faith    .   c - +0 buckler
rNeg    . . .      Spirit   .   b - +0 scale mail
rPois   .          Reflect  .   o - +0 helmet
rElec   .          Harm     .   (no cloak)
rCorr   .          Rampage  .   (no gloves)
Will    .....                   (no barding)
Stlth   ..........              g - amulet of the acrobat
HPRegen 0.22/turn               (no ring)
MPRegen 0.13/turn               (no ring)

@: curled up
A: large, rugged brown scales 3, see invisible, deformed body, roll 1, armoured
tail, reflexive curl
a: Rolling Charge, Renounce Religion, Draw Escape, Draw Destruction, Draw
Summoning, Triple Draw


You were on level 6 of the Dungeon.
You worshipped Nemelex Xobeh.
Nemelex Xobeh was most pleased with you.
You visited 2 branches of the dungeon, and saw 8 of its levels.

You collected 199 gold pieces.


Innate Abilities, Weirdness & Mutations

You are completely covered in rugged brown scales. (AC +3, +7% HP)
You have supernaturally acute eyesight. (SInv)
Armour fits poorly on your strangely shaped body.
You can roll at nearby foes to attack.
You have a long armoured tail.
You curl defensively after being hit. (AC +7*)


   Skills:
 * Level 5.9 Fighting
 * Level 5.4 Maces & Flails
 * Level 4.9 Armour
 + Level 2.7 Dodging
 * Level 4.7 Shields
 + Level 3.0 Spellcasting
 + Level 3.4 Invocations


You had 14 spell levels left.
You didn't know any spells.
Your spell library contained the following spells:

 Spells                   Type           Power      Damage    Failure   Level
 Sandblast                Erth           2%         2d4       63%         1
 Passwall                 Tmut/Erth      0%         N/A       77%         2
 Confusing Touch          Hex            1%         N/A       94%         3
 Stone Arrow              Conj/Erth      2%         3d7       94%         3
 Yara's Violent Unravell  Hex/Tmut       0%         3d3       100%        5
 Enfeeble                 Hex            0%         N/A       100%        7

Inventory:

Hand Weapons
 a - a +0 flail (weapon)
Armour
 b - a +0 scale mail (worn)
 c - a +0 buckler (worn)
 o - a +0 helmet (worn)
   (You found it on level 5 of the Dungeon)
Jewellery
 g - an amulet of the acrobat (around neck)
   (You found it on level 1 of the Dungeon)
Wands
 x - a wand of acid (8)
   (You found it on level 5 of the Dungeon)
Scrolls
 e - a scroll of identify {@r1}
 f - 2 scrolls of teleportation {unknown}
 h - a scroll of enchant weapon {unknown}
 i - a scroll of fear {unknown}
 l - a scroll of noise {unknown}
 m - a scroll of holy word {unknown}
 n - a scroll of summoning {unknown}
 r - a scroll of brand weapon {unknown}
 s - a scroll of amnesia {unknown}
 u - a scroll of vulnerability {unknown}
 v - a scroll of fog {unknown}
Potions
 d - a potion of invisibility {unknown}
 j - a potion of magic
 p - a potion of flight {unknown}
 q - a potion of ambrosia {unknown}
 t - a potion of mutation {unknown}
 w - a potion of haste {unknown}

Dungeon Overview and Level Annotations

Branches:
Dungeon (7/15)             Temple (1/1) D:4

Altars:
Cheibriados
Dithmenos
Elyvilon
Fedhas
Gozag
Hepliaklqana
Kikubaaqudgha
Makhleb
Nemelex Xobeh
Okawaru
Qazlal
Ru
Sif Muna
Uskayaw
Vehumet
Wu Jian
Xom
Yredelemnul
Zin
The Shining One

Annotations:
D:7 Menkaure

##### #...# #...# ###########
#...# #.........# #...#
#....†....# ####
#...######...(.....#
...########...#...##.........#
...............>@............#
...#.##########D..##.........#
...#.# #...##.........# ...#.#
#...###..####### ...#.# #...#
#..# ...#.# #.†.###..###
...#.##### ##.........#
.........# #.........#
.........# #.........#


You could see a steam dragon (catching breath).


Message History

You start resting.
You climb downwards.
There is a stone staircase leading up here.
Things that are here:
26 arrows; a +0 shortbow; a centaur skeleton You can now choose one out of three cards.
An iguana comes into view.
Found 12 gold pieces.
The iguana hisses angrily.
Found a stone staircase leading up.
Roll where?
Press: ? - help, Dir - move target, f - iguana
Aim: an iguana You roll forward with a clatter of scales!
You hit the iguana.
You hear a shout!
You hear a loud, deep croak!
You hear a shout! x2
The iguana bites you.
You hit the iguana but do no damage.
A steam dragon comes into view.
You block the iguana's attack.
Prince Ribbit comes into view.
The iguana completely misses you.
There is a stone staircase leading up here.
You hit the iguana. The iguana barely misses you.
You closely miss the iguana.
Prince Ribbit blinks!
The iguana barely misses you.
You sock the iguana!
You kill the iguana!
Roll where?
Press: ? - help, Dir - move target, f - Prince Ribbit
Aim: Prince Ribbit You roll forward with a clatter of scales!
An orc wizard comes into view. It is wielding a +0 dagger.
You thump Prince Ribbit! You tail-slap Prince Ribbit!
You hear a shout!
Prince Ribbit hits you but does no damage.
Prince Ribbit blinks!
The orc wizard gestures at you while chanting.
You are confused.
You see here an iguana corpse.
There is a stone staircase leading up here.
Prince Ribbit hits you! Prince Ribbit hits you.
You climb upwards.
You feel less confused.
There is a stone staircase leading down here.
You sock Prince Ribbit!
Your tail-slap misses Prince Ribbit.
Prince Ribbit hits you!
You barely miss Prince Ribbit. Prince Ribbit hits you.
Prince Ribbit blinks!
There's nothing you can charge at!
Roll where?
Press: ? - help, Dir - move target, f - Prince Ribbit
Aim: Prince Ribbit (almost dead)
You roll forward with a clatter of scales!
You closely miss Prince Ribbit. You tail-slap Prince Ribbit.
You kill Prince Ribbit!
Prince Ribbit returns to his original shape as he dies.
Your Spellcasting skill increases to level 3!
You have reached level 9!
Your experience leads to an increase in your attributes!
Increase (S)trength, (I)ntelligence, or (D)exterity?
You feel clever. x2
There is a stone staircase leading down, spattered with blood here.
You start resting.
You climb downwards.
The steam dragon closely misses you. The steam dragon claws you.
Menkaure calls on the powers of darkness!
The steam dragon convulses!
Your body is wracked with pain!
There is a stone staircase leading up, spattered with blood here.
Unknown command.
The steam dragon barely misses you. x2
You climb upwards.
There is a stone staircase leading down, spattered with blood here.
Unknown command.
You sock the steam dragon! The steam dragon barely misses you.
The steam dragon claws you. The steam dragon bites you!
* * * LOW HITPOINT WARNING * * *
The steam dragon closely misses you.
You barely miss the steam dragon. The steam dragon breathes steam at you.
The ball of steam hits you!!
* * * LOW HITPOINT WARNING * * *
You feel much better.
You are engulfed in a cloud of scalding steam.
* * * LOW HITPOINT WARNING * * *
The steam dragon bites you.
* * * LOW HITPOINT WARNING * * *
You block the steam dragon's attack. The steam dragon barely misses you.
The steam dragon claws you.
* * * LOW HITPOINT WARNING * * *
You thump the steam dragon!
Your tail-slap misses the steam dragon.
The steam dragon bites you.
* * * LOW HITPOINT WARNING * * *
The steam dragon closely misses you.
You barely miss the steam dragon. The steam dragon breathes steam at you.
The ball of steam hits you!!
You die...
Your body disappears without a glow.

Skill      XL: |  1  2  3  4  5  6  7  8 |
---------------+-------------------------+-----
Spellcasting   | 1 2 3 |  3.0
Dodging        | 1 2 |  2.7
Armour         | 3 4 |  4.9
Maces & Flails | 3 4 5 |  5.4
Shields        | 3 4 |  4.7
Invocations    | 1 2 3 |  3.4
Fighting       | 4 5 |  5.9

Action                   |  1- 3 |  4- 6 |  7- 9 || total
-------------------------+-------+-------+-------++-------
Melee: Flail             |   110 |   139 |   217 ||   466
       Tailslap          |     7 |    11 |    31 ||    49
Invok: Draw Destruction  |       |       |     1 ||     1
 Abil: Rolling Charge    |     2 |    18 |    18 ||    38
  Use: Potion            |       |     4 |     1 ||     5
       Scroll            |       |     1 |       ||     1
Armor: Scale mail        |    61 |    51 |   113 ||   225
Dodge: Dodged            |    48 |    41 |   103 ||   192
Block: Buckler           |    22 |    17 |    34 ||    73

Levels and vault maps discovered:
D:1:      psy_arrival_conway, layout_rooms
D:2:      layout_basic, shapermc_ecumenical_altar_pompeii, serial_forest,
          infiniplex_forest_lined_room_, infiniplex_forest_lined_2,
          infiniplex_forest_lined_ring, infiniplex_forest_straight_3,
          uniq_natasha
D:3:      layout_loops_ring
D:4:      layout_basic, minmay_temple_entry_glassed_door, uniq_duvessa
D:5:      layout_basic, kennysheep_generic_room_14
D:6:      layout_basic
D:7:      layout_rooms, uniq_prince_ribbit1, uniq_menkaure
Temple:   mainiacjoe_temple_big_plus

Notes
Turn   | Place    | Note
-------+----------+-------------------------------------------
     0 | D:1      | MalarOregon the Palentonga Fighter began the quest for the
                  | Orb.
     0 | D:1      | Reached XP level 1. HP: 19/19 MP: 1/1
   309 | D:1      | Reached XP level 2. HP: 25/25 MP: 2/2
   927 | D:2      | Reached XP level 3. HP: 31/31 MP: 3/3
  1078 | D:2      | Found a faded altar of an unknown god.
  1130 | D:2      | Prayed at the altar of an unknown god.
  1130 | D:2      | Became a worshipper of Nemelex Xobeh the Trickster
  1130 | D:2      | Reached * piety under Nemelex Xobeh
  1150 | D:2      | Noticed Natasha
  1157 | D:2      | Killed Natasha
  1162 | D:2      | Reached XP level 4. HP: 18/37 MP: 5/5
  1497 | D:2      | Identified the +3 spear of the Fulmar {protect, Str+2}
  1512 | D:2      | Noticed Natasha
  1519 | D:2      | HP: 6/37 [Natasha/magic dart (9)]
  1520 | D:2      | Killed Natasha
  1521 | D:2      | Reached skill level 1 in Spellcasting
  1532 | D:2      | HP: 7/37 [gnoll/+0 whip (1)]
  1533 | D:2      | Reached skill level 1 in Dodging
  1913 | D:2      | Reached skill level 3 in Armour
  1915 | D:2      | Reached XP level 5. HP: 35/43 MP: 6/6
  2024 | D:2      | Noticed Natasha
  2027 | D:2      | Killed Natasha
  2028 | D:2      | Reached skill level 3 in Maces & Flails
  2028 | D:2      | Reached skill level 3 in Shields
  2377 | D:2      | Found a sparkling altar of Nemelex Xobeh.
  2704 | D:3      | Reached skill level 1 in Invocations
  3066 | D:3      | Received a gift from Nemelex Xobeh
  3254 | D:3      | Reached ** piety under Nemelex Xobeh
  3425 | D:4      | Found a staircase to the Ecumenical Temple.
  3434 | Temple   | Entered the Ecumenical Temple
  3874 | D:4      | Reached XP level 6. HP: 51/51 MP: 8/8
  3925 | D:4      | Reached skill level 4 in Fighting
  4045 | D:4      | Noticed Duvessa
  4088 | D:4      | Killed Duvessa
  4095 | D:4      | Noticed Dowan
  4096 | D:4      | HP: 6/51 [Dowan/stone arrow (15)]
  4370 | D:4      | Killed Dowan
  4371 | D:4      | Reached skill level 2 in Invocations
  4371 | D:4      | Gained mutation: You curl defensively after being hit. (AC
                  | +7*) [Palentonga growth]
  4371 | D:4      | Reached XP level 7. HP: 42/58 MP: 9/9
  5021 | D:4      | You pick up a book of Geomancy and begin reading...
  5021 | D:4      | You add the spells Sandblast, Passwall and Stone Arrow to
                  | your library.
  5070 | D:5      | Entered Level 5 of the Dungeon
  5231 | D:5      | Received a gift from Nemelex Xobeh
  5256 | D:5      | Reached skill level 4 in Maces & Flails
  5378 | D:5      | HP: 14/58 [black bear (3)]
  5382 | D:5      | Reached skill level 2 in Spellcasting
  5895 | D:5      | Reached skill level 2 in Dodging
  5900 | D:5      | Reached skill level 4 in Armour
  6210 | D:5      | Reached skill level 5 in Fighting
  6210 | D:5      | Reached skill level 4 in Shields
  6210 | D:5      | Reached XP level 8. HP: 61/66 MP: 11/11
  6900 | D:6      | Received a gift from Nemelex Xobeh
  6946 | D:6      | You pick up a book of Misfortune and begin reading...
  6946 | D:6      | You add the spells Confusing Touch, Yara's Violent
                  | Unravelling and Enfeeble to your library.
  7636 | D:6      | Reached skill level 3 in Invocations
  7746 | D:6      | Reached skill level 5 in Maces & Flails
  8006 | D:7      | HP: 16/67 [hornet zombie (3)]
  8294 | D:7      | Reached *** piety under Nemelex Xobeh
  8298 | D:7      | Noticed Prince Ribbit
  8315 | D:6      | Killed Prince Ribbit
  8316 | D:6      | Reached skill level 3 in Spellcasting
  8316 | D:6      | Reached XP level 9. HP: 39/73 MP: 13/13
  8471 | D:7      | Noticed Menkaure
  8475 | D:6      | HP: 4/73 [steam dragon/ball of steam (25)]
  8479 | D:6      | Killed from afar by a steam dragon

Vanquished Creatures
  Prince Ribbit (D:6)
  Duvessa (D:4)
  A water moccasin (D:5)
  An ice beast (D:6)
  A hornet zombie (D:7)
  2 ogres
  A black bear (D:5)
  A necrophage (D:4)
  A phantom (D:6)
  2 centaurs
  2 bullfrogs
  2 scorpions (D:5)
  A water moccasin skeleton (D:3)
  Dowan (D:4)
  A bullfrog zombie (D:5)
  2 orc priests (D:5)
  A hound (D:6)
  2 jellies
  4 iguanas
  A scorpion zombie (D:5)
  Natasha (thrice) (D:2)
  3 gnolls (D:2)
  5 adders
  A white imp (D:6)
  An ufetubus (D:6)
  An adder zombie (D:5)
  2 worms
  3 dart slugs
  9 orcs
  6 endoplasms
  7 giant cockroaches
  3 goblins (D:1)
  8 hobgoblins
  3 jackals (D:2)
  6 kobolds
  4 quokkas
  7 ball pythons
  4 bats
  5 frilled lizards
  4 rats
114 creatures vanquished.

Table legend:
 A = Non-vault XP
 B = Vault XP
 C = Vault XP percentage of total XP
 D = Non-vault monster count
 E = Vault monster count
 F = Vault count percentage of total count
                 A         B        C        D         E       F
            +---------+---------+-------+---------+---------+-------
      Total |    2347 |     601 |  20.4 |     109 |       5 |   4.4
            +---------+---------+-------+---------+---------+-------
        D:1 |      40 |       0 |   0.0 |      23 |       0 |   0.0
        D:2 |     182 |      36 |  16.5 |      30 |       1 |   3.2
        D:3 |     102 |       0 |   0.0 |      15 |       0 |   0.0
        D:4 |     221 |     208 |  48.5 |      13 |       2 |  13.3
        D:5 |     813 |      83 |   9.3 |      16 |       1 |   5.9
        D:6 |     624 |     274 |  30.5 |       8 |       1 |  11.1
        D:7 |     365 |       0 |   0.0 |       4 |       0 |   0.0
            +---------+---------+-------+---------+---------+-------

Illustrated notes

Table legend:
 A = Kills in this place as a percentage of kills in entire the game.
 B = Kills by you in this place as a percentage of kills by you in the entire game.
 C = Kills by friends in this place as a percentage of kills by friends in the entire game.
 D = Other kills in this place as a percentage of other kills in the entire game.
 E = Experience gained in this place as a percentage of experience gained in the entire game.
 F = Experience gained in this place divided by the number of levels of this place that you have seen.
                   A       B       C       D       E      F
               +-------+-------+-------+-------+-------+----------------------
         Total | 100.0 | 100.0 |   N/A |   N/A | 100.0 | 368.5
       Dungeon | 100.0 | 100.0 |   N/A |   N/A | 100.0 | 421.1
               +-------+-------+-------+-------+-------+----------------------

Table legend: (Time is in decaauts)
 A = Elapsed time spent in this place.
 B = Non-inter-level travel time spent in this place.
 C = Inter-level travel time spent in this place.
 D = Time resting spent in this place.
 E = Time spent auto-exploring this place.
 F = Levels seen in this place.
 G = Mean time per level.
                   A        B        C        D        E       F      G
               +--------+--------+--------+--------+--------+-----+--------+
         Total |   8611 |   8189 |    422 |   2427 |   4604 |   8 | 1076.4 |
       Dungeon |   8194 |   7797 |    397 |   2427 |   4220 |   7 | 1170.6 |
        Temple |    416 |    391 |     25 |      0 |    384 |   1 |  416.0 |
               +--------+--------+--------+--------+--------+-----+--------+

Top non-repeatable levels by time:
     D:5: 1974 daAuts
     D:2: 1621 daAuts
     D:6: 1385 daAuts
     D:3: 1164 daAuts
     D:4: 1016 daAuts
     D:1: 972 daAuts
  Temple: 416 daAuts
     D:7: 59 daAuts
